 Dungeon Crawl Stone Soup version 0.30-a0-457-g4b7bca3bfa (console) character file.

Game seed: 10746082188411346885

605 jejorda2 the Slasher (level 7, -3/55 HPs)
             Began as a Merfolk Berserker on Dec 13, 2022.
             Was a Believer of Trog.
             Slain by a sky beast (6 damage)
             ... on level 5 of the Dungeon.
             The game lasted 00:08:47 (3535 turns).

jejorda2 the Slasher (Merfolk Berserker)            Turns: 3535, Time: 00:08:48

Health: -3/55      AC: 14    Str: 17    XL:     7   Next: 42%
Magic:  7/7        EV:  9    Int:  7    God:    Trog [**....]
Gold:   201        SH:  0    Dex: 15    Spells: 6/6 levels left

rFire   . . .      SeeInvis .    a - +2 dagger (speed)
rCold   + . .      Faith    .    (no shield)
rNeg    . . .      Spirit   .    D - +0 chain mail
rPois   .          Reflect  .    l - +0 helmet
rElec   .          Harm     .    (no cloak)
rCorr   .          Rampage  .    p - +0 pair of gloves
Will    ++...                    A - +2 pair of boots
Stlth   ..........               (no amulet)
HPRegen 1.29/turn                i - ring of protection from cold
MPRegen 0.10/turn                (no ring)

@: confused, ambrosia-drunk, strong-willed, on berserk cooldown, regenerating,
slowed, very slow
A: (nimble swimmer 2), mertail
a: Renounce Religion, Berserk, Trog's Hand


You were on level 5 of the Dungeon.
You worshipped Trog.
Trog was pleased with you.
You visited 1 branch of the dungeon, and saw 5 of its levels.

You collected 201 gold pieces.

Inventory:

Hand Weapons
 a - a +2 dagger of speed (weapon)
 b - a +0 falchion
 C - a +3 dagger
Missiles
 f - 24 stones (quivered)
 o - 6 javelins
 z - 6 poisoned darts
Armour
 l - a +0 helmet (worn)
 p - a +0 pair of gloves (worn)
 A - a +2 pair of boots (worn)
 D - a +0 chain mail (worn)
Jewellery
 i - a ring of protection from cold (left hand)
Scrolls
 h - a scroll of amnesia {unknown}
 j - a scroll of poison {unknown}
 r - 2 scrolls of enchant weapon {unknown}
 s - a scroll of teleportation {unknown}
 t - a scroll of enchant armour {unknown}
 x - a scroll of brand weapon {unknown}
 y - 2 scrolls of noise {unknown}
 B - 6 scrolls of identify {unknown}
Potions
 e - 4 potions of mutation {unknown}
 g - 4 potions of might {unknown}
 k - 2 potions of lignification {unknown}
 m - 3 potions of curing {unknown}
 n - 2 potions of invisibility {unknown}
 q - a potion of haste {unknown}
 u - 2 potions of heal wounds {unknown}
 v - a potion of magic {unknown}
 w - 3 potions of attraction {unknown}


   Skills:
 + Level 4.8 Fighting
 * Level 2.4(4.5) Short Blades
 - Level 6.0(6.3) Long Blades
 + Level 2.8 Armour
 - Level 6.0 Dodging


You had 6 spell levels left.
You didn't know any spells.
Your spell library was empty.

Dungeon Overview and Level Annotations

Branches:
Dungeon (5/15)             Temple (0/1) D:4

Altars:
Elyvilon
Makhleb
Vehumet
Zin
The Shining One


Innate Abilities, Weirdness & Mutations

((You are very nimble when in or above water. (Stealth+, EV+, Speed+++)))
Your lower body shifts to a powerful aquatic tail in water.


Message History

A sky beast is nearby!
A sky beast is nearby!
The sky beast barely misses you.
You closely miss the sky beast. You closely miss the sky beast.
The sky beast hits you. The sky beast shocks you.
You hit the sky beast.
The sky beast is lightly wounded.
The sky beast flickers out of sight!
Deactivating autopickup; reactivate with Ctrl-A.
Something hits you but does no damage.
You barely miss something. You hit something. Something hits you.
Something shocks you.
* * * LOW HITPOINT WARNING * * *
You closely miss something. Something hits you but does no damage.
You hit something. Something hits you but does no damage.
You hit something but do no damage. Something hits you.
* * * LOW HITPOINT WARNING * * *
Something shocks you.
* * * LOW HITPOINT WARNING * * *
You hit something.
Your skin crawls.
You feel strong-willed.
Something hits you but does no damage. x2
It was a potion of ambrosia.
You are confused.
You feel invigorated. Something hits you.
* * * LOW HITPOINT WARNING * * *
Something shocks you.
* * * LOW HITPOINT WARNING * * *
You bump into the rock wall.
Something hits you.
* * * LOW HITPOINT WARNING * * *
Something shocks you.
* * * LOW HITPOINT WARNING * * *
A sky beast appears from thin air!
Reactivating autopickup.
The sky beast hits you.
* * * LOW HITPOINT WARNING * * *
The sky beast shocks you.
You die...

########
.......###########
##........@Y..#
#.....#######.#
##..)## #.# ##.##
###.### #.#
#...>.# #.#
#.....# ##'##
#.......# #
##...## #.....#.#
### ##.....##
#..Y..#.#


You could see a sky beast.

Vanquished Creatures
  A black bear (D:5)
  2 ogres
  The ghost of thurberlil the Conjurer, an amateur HuCj (D:3)
  A scorpion (D:5)
  A bullfrog zombie (D:3)
  A hound (D:4)
  A jelly (D:5)
  A killer bee zombie (D:3)
  3 adders
  An ufetubus (D:3)
  A dart slug (D:1)
  2 orcs
  6 ball pythons
  8 bats
  7 endoplasms
  4 giant cockroaches
  5 goblins
  6 hobgoblins
  3 jackals (D:3)
  3 kobolds
  2 quokkas
  A frilled lizard (D:1)
  3 rats
64 creatures vanquished.

Notes
Turn   | Place    | Note
-------+----------+-------------------------------------------
     0 | D:1      | jejorda2 the Merfolk Berserker began the quest for the Orb.
     0 | D:1      | Reached XP level 1. HP: 18/18 MP: 1/1
    45 | D:1      | Reached XP level 2. HP: 22/24 MP: 2/2
   441 | D:1      | Reached ** piety under Trog
   442 | D:1      | Reached XP level 3. HP: 29/29 MP: 3/3
  1075 | D:2      | Reached XP level 4. HP: 37/37 MP: 4/4
  1506 | D:3      | Found a runed translucent gate.
  1506 | D:3      | Found a runed translucent gate.
  1506 | D:3      | Found a runed translucent gate.
  1794 | D:3      | Noticed an ogre
  1801 | D:3      | Killed an ogre
  1802 | D:3      | Reached skill level 5 in Long Blades
  1802 | D:3      | Reached XP level 5. HP: 42/42 MP: 5/5
  1864 | D:3      | Noticed thurberlil's ghost (amateur HuCj)
  2122 | D:3      | Found a faded altar of an unknown god.
  2280 | D:3      | Found a burning altar of Makhleb.
  2281 | D:3      | Noticed a balrug
  2426 | D:3      | Killed thurberlil's ghost
  2427 | D:3      | Reached skill level 5 in Dodging
  2427 | D:3      | Reached XP level 6. HP: 45/48 MP: 6/6
  2621 | D:4      | Found a radiant altar of Vehumet.
  2679 | D:4      | Found a white marble altar of Elyvilon.
  2679 | D:4      | Found a glowing golden altar of the Shining One.
  2680 | D:4      | Found a glowing silver altar of Zin.
  2897 | D:4      | Found a staircase to the Ecumenical Temple.
  3120 | D:5      | Entered Level 5 of the Dungeon
  3131 | D:5      | Reached XP level 7. HP: 20/55 MP: 7/7
  3279 | D:5      | Reached skill level 1 in Short Blades
  3535 | D:5      | Slain by a sky beast

Illustrated notes

Levels and vault maps discovered:
D:1:      dpeg_arrival_arbitrary_c, layout_basic
D:2:      layout_loops_ring
D:3:      layout_basic, makhleb_altar_promises_db,
          shapermc_ecumenical_altar_mp_vishouse, gammafunk_ghost_necromancy
D:4:      layout_rooms, good_gods_temple_1, mainiacjoe_overflow_alcove_4,
          minmay_temple_entry_crystal_x
D:5:      layout_loops_corners, nicolae_ru_path_of_blood,
          nemelex_spade_bored_becter, serial_shops, nicolae_inconvenience_store

Skill      XL: |  1  2  3  4  5  6  7 |
---------------+----------------------+-----
Dodging        | 3 4 5 6 |  6.0
Long Blades    | 4 5 6 |  6.0
Fighting       | 4 |  4.8
Armour         | 2 |  2.8
Short Blades   | 2 |  2.4

Action                   |  1- 3 |  4- 6 |  7- 9 || total
-------------------------+-------+-------+-------++-------
Melee: Falchion          |   106 |   127 |       ||   233
       Punch             |       |     1 |     4 ||     5
       Dagger            |       |    18 |    48 ||    66
Throw: Stone             |       |     3 |       ||     3
Invok: Berserk           |       |     3 |     1 ||     4
       Trog's Hand       |       |       |     1 ||     1
  Use: Potion            |       |       |     1 ||     1
Armor: Animal skin       |     1 |       |       ||     1
       Ring mail         |    44 |    47 |       ||    91
       Chain mail        |       |     1 |    23 ||    24
Dodge: Dodged            |    76 |   117 |    16 ||   209

Table legend: (Time is in decaauts)
 A = Elapsed time spent in this place.
 B = Non-inter-level travel time spent in this place.
 C = Inter-level travel time spent in this place.
 D = Time resting spent in this place.
 E = Time spent auto-exploring this place.
 F = Levels seen in this place.
 G = Mean time per level.
                   A        B        C        D        E       F      G
               +--------+--------+--------+--------+--------+-----+--------+
         Total |   3557 |   3469 |     88 |    145 |   2675 |   5 |  711.4 |
       Dungeon |   3557 |   3469 |     88 |    145 |   2675 |   5 |  711.4 |
               +--------+--------+--------+--------+--------+-----+--------+

Top non-repeatable levels by time:
     D:3: 1133 daAuts
     D:2: 848 daAuts
     D:1: 640 daAuts
     D:4: 537 daAuts
     D:5: 398 daAuts
